 Dungeon Crawl Stone Soup version 0.30-a0-596-g0af90f9a20 (webtiles) character file.

Game seed: 12563699209662413149

375859 garrulousMonolith the Messiah (level 22, 0/208 (215) HPs)
             Began as a Hill Orc Monk on Jan 6, 2023.
             Was the Champion of Beogh.
             Killed from afar by a vampire mage (18 damage)
             ... with a bolt of negative energy
             ... on level 4 of the Vaults on Jan 7, 2023.
             The game lasted 01:48:42 (53111 turns).

garrulousMonolith the Messiah (Hill Orc Monk)      Turns: 53111, Time: 01:48:43

HP:   0/208 (215)   AC: 46    Str: 29    XL:     22   Next: 77%
MP:   0/46          EV:  7    Int: 14    God:    Beogh [******]
Gold: 2706          SH: 29    Dex: 17    Spells: 21/21 levels left

rFire   + + +      SeeInvis +    a - +9 broad axe of the Pyrrhic Victory {drain, MP+9}
rCold   + . .      Faith    .    x - +1 tower shield {rC+}
rNeg    . . .      Spirit   .    G - +0 crystal plate armour of Fashionability {rF+ Will+}
rPois   +          Reflect  +    O - +2 helmet {SInv}
rElec   +          Harm     .    Y - +2 cloak "Belivaec" {+Blink rPois rF+++ Int-4}
rCorr   .          Rampage  .    H - +0 pair of gloves {Str+3}
Will    ++...                    n - +2 pair of boots Stlth
                                 R - amulet of reflection
HPRegen 0.54/turn                B - ring of Wumiko {rElec Str+6 Dex+5 Stlth+}
MPRegen 0.30/turn                u - ring of the Prince {+Blink AC+4}

@: slowed, recalling, lightly drained, invisible, very slow
A: walk on water, iridescent scales 1, clever 1
}: 2/15 runes: decaying, serpentine
a: Renounce Religion, Evoke Blink, Smiting, Stop Recall, Give Item to Named
Follower, Resurrection


You were on level 4 of the Vaults.
You worshipped Beogh.
Beogh was exalted by your worship.
You visited 8 branches of the dungeon, and saw 38 of its levels.
You visited the Abyss 1 time.
You visited 1 bazaar.
You also visited: Ice Cave, Wizlab and Desolation.

You collected 5137 gold pieces.
You spent 2431 gold pieces at shops.

Inventory:

Hand Weapons
 a - the +9 broad axe of the Pyrrhic Victory (weapon) {drain, MP+9}
   (You acquired it on level 8 of the Dungeon)

   MP:        It affects your magic capacity (+9).
 S - a +3 broad axe of flaming
 U - a +0 arbalest
 W - a +2 glaive of holy wrath
 Z - a +3 glaive
Missiles
 k - 66 poisoned darts (quivered)
 r - 3 throwing nets
 y - 7 curare-tipped darts
Armour
 n - a +2 pair of boots (worn)
 o - a +0 kite shield of reflection
 x - a +1 tower shield of cold resistance (worn)
 G - the +0 crystal plate armour of Fashionability (worn) {rF+ Will+}
   (You found it in the Desolation of Salt)

   rF:        It protects you from fire.
   Will:      It increases your willpower.
 H - a +0 pair of gloves of strength (worn)
 O - a +2 helmet of see invisible (worn)
 X - the +2 cloak of the Thistle {Harm rF+ rC+ Regen+}
   (You found it on level 11 of the Dungeon)

   rF:        It protects you from fire.
   rC:        It protects you from cold.
   Regen:     It increases your rate of health regeneration.
   Harm:      It increases damage dealt and taken.
 Y - the +2 cloak "Belivaec" (worn) {+Blink rPois rF+++ Int-4}
   (You found it on level 11 of the Dungeon)

   Int:       It affects your intelligence (-4).
   rF:        It renders you almost immune to fire.
   rPois:     It protects you from poison.
   +Blink:    It lets you blink.
Jewellery
 b - an amulet of guardian spirit
 e - an amulet of regeneration
 i - an amulet of faith
 t - a ring of resist corrosion
 u - the ring of the Prince (right hand) {+Blink AC+4}
   (You found it on level 7 of the Dungeon)

   [ring of protection]

   AC:        It affects your AC (+4).
   +Blink:    It lets you blink.
 B - the ring of Wumiko (left hand) {rElec Str+6 Dex+5 Stlth+}
   (You found it in the Desolation of Salt)

   [ring of strength]

   Str:       It affects your strength (+6).
   Dex:       It affects your dexterity (+5).
   rElec:     It insulates you from electricity.
   Stlth:     It makes you more stealthy.
 R - an amulet of reflection (around neck)
Wands
 s - a wand of acid (48)
 v - a wand of mindburst (38)
 D - a wand of polymorph (4)
 K - a wand of paralysis (18)
 L - a wand of iceblast (20)
 P - a wand of digging (24)
 T - a wand of flame (19)
Scrolls
 f - 5 scrolls of fog
 g - 9 scrolls of amnesia
 j - a scroll of blinking
 m - 3 scrolls of butterflies
 w - 20 scrolls of teleportation
 F - 2 scrolls of silence
 N - 28 scrolls of identify
 Q - 5 scrolls of fear
Potions
 c - 5 potions of ambrosia
 d - 6 potions of brilliance
 h - 7 potions of might
 l - 7 potions of curing
 p - 2 potions of cancellation
 z - 3 potions of resistance
 A - 9 potions of flight
 C - 3 potions of haste
 E - 12 potions of mutation
 J - 5 potions of berserk rage
 M - 5 potions of invisibility
 V - 4 potions of magic
Miscellaneous
 I - a condenser vane (inert)


   Skills:
 + Level 22.1 Fighting
 - Level 18.0 Axes
 + Level 20.2 Armour
 - Level 2.4 Dodging
 - Level 1.5 Stealth
 * Level 22.8 Shields
 + Level 23.5 Invocations


You had 21 spell levels left.
You didn't know any spells.
Your spell library contained the following spells:

 Spells                   Type           Power      Damage    Failure   Level
 Beastly Appendage        Tmut           0%         N/A       99%         1
 Freeze                   Ice            0%         1d3       99%         1
 Kiss of Death            Conj/Necr      0%         2d5       99%         1
 Magic Dart               Conj           0%         1d3       99%         1
 Necrotise                Necr           0%         1d4       99%         1
 Sandblast                Erth           0%         2d4       99%         1
 Shock                    Conj/Air       0%         1d3       99%         1
 Slow                     Hex            0%         N/A       99%         1
 Sting                    Tmut/Pois      0%         1d3       99%         1
 Blink                    Tloc           0%         N/A       100%        2
 Call Imp                 Summ           0%         N/A       100%        2
 Cigotuvi's Dreadful Rot  Necr/Pois/Air  0%         N/A       100%        2
 Momentum Strike          Conj/Tloc      0%         3d8       100%        2
 Passwall                 Tmut/Erth      0%         N/A       100%        2
 Poisonous Vapours        Pois/Air       0%         N/A       100%        2
 Scorch                   Fire           0%         2d5       100%        2
 Static Discharge         Conj/Air       0%         2-2/arc   100%        2
 Sublimation of Blood     Necr           0%         N/A       100%        2
 Wereblood                Tmut           0%         N/A       100%        2
 Confusing Touch          Hex            0%         N/A       100%        3
 Frozen Ramparts          Ice            0%         1d1       100%        3
 Hailstorm                Conj/Ice       0%         3d3       100%        3
 Ignite Poison            Fire/Tmut/Pois 0%         N/A       100%        3
 Inner Flame              Hex/Fire       0%         N/A       100%        3
 Kindle Blastsparks       Fire/Tloc/Air  0%         2d10      100%        3
 Lesser Beckoning         Tloc           0%         N/A       100%        3
 Mephitic Cloud           Conj/Pois/Air  0%         N/A       100%        3
 Portal Projectile        Hex/Tloc       0%         N/A       100%        3
 Spider Form              Tmut/Pois      0%         N/A       100%        3
 Stone Arrow              Conj/Erth      0%         3d7       100%        3
 Summon Guardian Golem    Hex/Summ       0%         N/A       100%        3
 Swiftness                Air            0%         N/A       100%        3
 Tukima's Dance           Hex            0%         N/A       100%        3
 Vampiric Draining        Necr           0%         2d6       100%        3
 Airstrike                Air            0%         2d(0-16)  100%        4
 Anguish                  Hex/Necr       0%         N/A       100%        4
 Cause Fear               Hex            0%         N/A       100%        4
 Dispel Undead            Necr           0%         3d6       100%        4
 Flame Wave               Conj/Fire      0%         2d4       100%        4
 Fulminant Prism          Conj/Hex       0%         3d5       100%        4
 Ice Form                 Ice/Tmut       0%         N/A       100%        4
 Manifold Assault         Tloc           0%         N/A       100%        4
 Olgreb's Toxic Radiance  Pois           0%         N/A       100%        4
 Passage of Golubria      Tloc           0%         N/A       100%        4
 Petrify                  Tmut/Erth      0%         N/A       100%        4
 Sticky Flame             Conj/Fire      0%         2d3       100%        4
 Summon Lightning Spire   Summ/Air       0%         N/A       100%        4
 Agony                    Necr           0%         N/A       100%        5
 Alistair's Intoxication  Tmut/Pois      0%         N/A       100%        5
 Borgnjor's Vile Clutch   Necr/Erth      0%         N/A       100%        5
 Freezing Cloud           Conj/Ice/Air   0%         6-21      100%        5
 Lightning Bolt           Conj/Air       0%         1d11      100%        5
 Metabolic Englaciation   Hex/Ice        0%         N/A       100%        5
 Summon Forest            Summ/Tloc      0%         N/A       100%        5
 Yara's Violent Unravell  Hex/Tmut       0%         3d3       100%        5
 Conjure Ball Lightning   Conj/Air       0%         3x3d6     100%        6
 Death Channel            Necr           0%         N/A       100%        6
 Dispersal                Tloc           0%         N/A       100%        6
 Eringya's Noxious Bog    Tmut/Pois      0%         N/A       100%        6
 Simulacrum               Ice/Necr       0%         N/A       100%        6
 Statue Form              Tmut/Erth      0%         N/A       100%        6
 Summon Cactus Giant      Summ           0%         N/A       100%        6
 Dragon Form              Tmut           0%         N/A       100%        7
 Enfeeble                 Hex            0%         N/A       100%        7
 Haunt                    Necr/Summ      0%         N/A       100%        7
 Orb of Destruction       Conj           0%         9d5       100%        7
 Ozocubu's Refrigeration  Ice            0%         4d7       100%        7
 Summon Hydra             Summ           0%         N/A       100%        7
 Borgnjor's Revivificati  Necr           0%         N/A       100%        8
 Discord                  Hex            0%         N/A       100%        8
 Disjunction              Tloc           0%         N/A       100%        8
 Ignition                 Fire           0%         3d3       100%        8
 Lehudib's Crystal Spear  Conj/Erth      0%         10d2      100%        8
 Maxwell's Capacitive Co  Air            0%         ∞         100%        8
 Dragon's Call            Summ           0%         N/A       100%        9
 Polar Vortex             Ice            0%         N/A       100%        9


Dungeon Overview and Level Annotations

Branches:
Dungeon (15/15)            Temple (1/1) D:5            Lair (5/5) D:11
  Swamp (4/4) Lair:2        Snake (4/4) Lair:2        Slime (0/5) Lair:4
    Orc (2/2) D:11            Elf (3/3) Orc:2        Vaults (4/5) D:13
  Crypt (0/3) Vaults:3     Depths (0/4) D:15          IceCv (visited)
 WizLab (visited)         Desolation (visited)

Altars:
Ashenzari
Cheibriados
Dithmenos
Elyvilon
Fedhas
Gozag
Hepliaklqana
Kikubaaqudgha
Makhleb
Nemelex Xobeh
Okawaru
Qazlal
Ru
Sif Muna
Trog
Uskayaw
Vehumet
Wu Jian
Xom
Yredelemnul
Zin
The Shining One
Beogh
Jiyva
Lugonu

Shops:
D:1 [   D:3 [?[   D:13 ?   D:14 *   Orc:2 !!=[   Elf:3 :   Snake:3 !
Vaults:3 (

Portals:
Hell: Lair:5
Pandemonium: Orc:2
Trove: Vaults:4 (give +2 storm dragon scales)

Annotations:
D:8 2 transporters, oldmanjim's ghost, journeyman DjCj
Lair:2 3 runed translucent doors, gdog's ghost, journeyman GnDe
Swamp:4 3 runed translucent doors, Iich's ghost, adept MiBe; MrSquiggles's ghost, adept OpFi; experimilk's ghost, adept DrCj; yumyumyeen's ghost, journeyman DsMo
Elf:3 2 exclusions
Vaults:4 2 transporters, mccafe's ghost, veteran DEFE


Innate Abilities, Weirdness & Mutations

You can walk on water.
You are partially covered in iridescent scales. (AC +2)
Your mind is acute. (Int +4, Str/Dex -1)


Message History

You hit the shadow dragon but do no damage.
The vampire mage seems less brilliant.
Bladwarg hits the shadow dragon with a +0 glaive!!
Your orange demon stings the vampire mage but does no damage.
Your orange demon closely misses the vampire mage.
Ogrik is engulfed in poison gas.
Ogrik looks even sicker.
Bogdar hits the shadow dragon with a +3 glaive!!
The shadow dragon bites you but does no damage.
You block the shadow dragon's attack. x2
The vampire mage draws life force from you!
* * * LOW HITPOINT WARNING * * *
The vampire mage is healed by the life force!
The orc warlord is engulfed in poison gas.
The orc warlord looks as sick as possible!
You swap places.
Your orange demon disappears in a puff of smoke!
Bladwarg hits the shadow dragon with a +0 glaive!
Bogdar closely misses the shadow dragon.
Ogrik is engulfed in poison gas.
Ogrik looks even sicker.
The shadow dragon bites Bogdar.
The shadow dragon claws Bogdar. x2
The vampire mage hits Urtork but does no damage.
The vampire mage bites Urtork but does no damage.
Urtork closely misses the shadow dragon.
Urtork hits the vampire mage with a +0 war axe!
The orc warlord is engulfed in poison gas.
The orc warlord looks as sick as possible!
Bladwarg hits the shadow dragon with a +0 glaive.
Bogdar hits the shadow dragon with a +3 glaive!!
The shadow dragon dies!
Beogh accepts your kill.
You begin recalling your allies.
Bogbrand is recalled.
Learuk is recalled.
Olfrun is recalled.
Your orc knight is recalled.
Bladwarg no longer looks unusually strong.
The vampire mage casts a spell at you.
The bolt of negative energy hits Urtork!
Urtork is drained!
The bolt of negative energy hits you!!
You feel drained.
You die...

.... #..##..............
..... #..##..............
..... #..##.............#
....☼.#..##.(...#######.#
..°ZZW#..##.....#.....#.#
...☼WW#§)##.....#.....#.#
.☼°°zVVooo+.....#.###o#.#
.○..noyoo4#o....#.###oo.#
....H.#o@##.....#....o#.#
....c #oo##.....#.....#.#
.... #oo##.....#######.#
... #.)##............o#
.. #..##..########.... .
#..##..#......#....
#..##..#......#.###
#..##..#......#.#..
#..##..#......#.#..


You could see an orc warlord (unable to see you, extremely poisoned), a ghost
moth (invisible, unable to see you), a jiangshi (summoned, unable to see you), a
vampire mage (invisible), a shadow wraith (summoned, invisible), a freezing
wraith (summoned), a spectral deep elf high priest (summoned), a wraith
(summoned), a necrophage (summoned, unable to see you, ally target), a flying
skull (summoned, unable to see you), a glowing shapeshifter zombie (summoned,
unable to see you), a friendly orc warlord (strong, weak-willed), the friendly
Bladwarg the orc warlord, the friendly Bogbrand the orc warlord, the friendly
Bogdar the orc warlord (strong), the friendly Learuk the orc warlord, the
friendly Ogrik the orc warlord (strong, very poisoned), the friendly Olfrun the
orc warlord, the friendly Urtork the orc warlord (strong, drained), a friendly
orc knight, the friendly Oruk the orc high priest (strong, drained) and a
friendly hellwing (summoned).

Vanquished Creatures
  Mara (Vaults:3)
  Xtahua (Vaults:3)
  A bone dragon (Abyss:3)
  The ghost of Xuck the Executioner, an adept HOGl of Beogh (Vaults:3)
  A moon troll (WizLab)
  A deep elf blademaster (Elf:3)
  A quicksilver dragon (WizLab)
  Gastronok (D:8)
  6 tentacled starspawn
  2 sphinxes
  Agnes (D:14)
  A tengu reaver (Vaults:2)
  Roxanne (Swamp:1)
  4 fenstrider witches
  The ghost of jejorda2 the Peltast, an adept MfBe of Trog (Snake:1)
  A nagaraja (Snake:3)
  6 deep elf sorcerers (Elf:3)
  A frost giant (D:12)
  3 deep elf elementalists (Elf:3)
  9 vault wardens
  2 angels (Vaults:1)
  2 imperial myrmidons (Desolation)
  A ghoul (Swamp:4)
  2 cacodemons (WizLab)
  10 ironbound preservers
  8 stone giants (WizLab)
  12 very ugly things
  4 ironbound thunderhulks
  7 dire elephants
  3 eleionomae
  2 halazid warlocks (Desolation)
  5 deep elf demonologists
  5 bunyips
  3 deep elf annihilators (Elf:3)
  A blizzard demon (Swamp:4)
  2 ettins
  2 deep elf death magi (Elf:3)
  3 crystal guardians
  A green death (Swamp:4)
  7 yaktaur captains
  5 great orbs of eyes
  A shambling mangrove (Swamp:3)
  12 ragged hierophants (Desolation)
  A spriggan zombie (Abyss:4)
  A deep elf high priest (Vaults:4)
  7 servants of whispers (Desolation)
  2 salamander tyrants (Snake:4)
  8 vault guards
  2 spriggan air magi (Swamp:4)
  12 hydras
  3 demonspawn (Orc:2)
  6 anacondas
  A ghost crab (Swamp:1)
  10 peacekeepers
  3 two-headed ogres
  5 ironbound frosthearts
  An ogre mage (Swamp:4)
  An anaconda (shapeshifter) (D:11)
  9 centaur warriors
  4 boulder beetles
  2 tengu warriors
  17 alligators
  6 naga warriors
  An orc high priest (Orc:2)
  13 dancing weapons
  A thrashing horror (Abyss:3)
  9 naga sharpshooters
  9 shock serpents
  2 spriggan berserkers (Swamp:4)
  A soul eater (Swamp:4)
  6 deep elf knights
  Nergalle (D:12)
  A salamander mystic (Snake:4)
  2 wretched stars
  2 sixfirhies
  5 swamp dragons
  5 goliath frogs
  9 skeletal warriors (Vaults:3)
  7 spriggan druids
  An orange crystal statue (WizLab)
  3 bog bodies
  19 deep trolls
  A sea snake (shapeshifter) (D:14)
  7 glowing orange brains (WizLab)
  A naga ritualist (Snake:4)
  9 wizards
  5 deep elf archers
  A harpy (shapeshifter) (D:11)
  13 deep elf zephyrmancers
  15 ironbound convokers
  2 orc knights
  12 lindwurms
  18 deep elf pyromancers
  A necromancer (IceCv)
  A mana viper (shapeshifter) (Elf:2)
  9 mana vipers
  4 cyclopes
  25 ugly things
  4 orc sorcerers
  3 manticores
  13 salamanders
  6 will-o-the-wisps
  4 elephants
  Maurice (D:8)
  A rust devil (Orc:2)
  A fire giant skeleton (Vaults:3)
  2 worldbinders (Abyss:3)
  12 guardian serpents
  3 human skeletons (Vaults:3)
  A stone giant skeleton (Vaults:3)
  21 black mambas
  A frost giant skeleton (Vaults:3)
  An ice statue (IceCv)
  An eye of devastation (shapeshifter) (Vaults:4)
  3 molten gargoyles (Desolation)
  Maggie (D:7)
  7 vault sentinels
  3 eyes of devastation (WizLab)
  2 torpor snails
  3 orange demons (Swamp:4)
  6 naga magi
  6 cane toads
  A smoke demon (Abyss:3)
  An apocalypse crab (Abyss:3)
  2 gargoyles (D:11)
  3 unseen horrors
  6 rime drakes (Lair:5)
  14 yaktaurs
  An anaconda simulacrum (IceCv)
  4 komodo dragons
  A tormentor (Abyss:3)
  A tengu conjurer (D:11)
  8 freezing wraiths
  12 ice devils
  An efreet (Abyss:3)
  A meliai (shapeshifter) (D:15)
  2 red devils
  3 trolls
  10 tyrant leeches
  5 polar bears
  A troll (shapeshifter) (Elf:1)
  3 meliai
  A merfolk (D:15)
  A hellwing (Swamp:4)
  59 saltlings (Desolation)
  12 hornets
  3 raiju (Abyss:3)
  3 blink frogs (Lair:5)
  28 slime creatures
  2 centaur simulacra
  A jumping spider (Vaults:3)
  12 spriggans
  2 air elementals (Elf:1)
  5 shadows
  A vampire (D:14)
  2 water elementals (Elf:2)
  4 wyverns
  2 ettin skeletons (Vaults:3)
  2 wraiths
  2 fire elementals
  A dire elephant simulacrum (IceCv)
  2 basilisks
  6 golden eyes (WizLab)
  37 yaks
  8 humans (D:13)
  Eustachio (D:6)
  2 steam dragons
  4 neqoxecs
  5 vampire mosquitoes
  3 chaos spawn
  An elf skeleton (Vaults:3)
  A redback (Vaults:3)
  3 harpy simulacra (IceCv)
  5 wargs
  A death yak simulacrum (IceCv)
  Menkaure (D:4)
  30 nagas
  12 swamp worms
  9 water moccasins
  A large abomination (Abyss:3)
  3 hell hounds (Lair:5)
  A hydra simulacrum (IceCv)
  3 acid dragons
  10 orc warriors
  A swamp drake (Swamp:1)
  2 black bears
  2 small abominations
  5 ice beasts
  3 sky beasts (D:7)
  5 ogres
  6 wolves
  An ettin simulacrum (Vaults:4)
  4 boggarts (Lair:5)
  8 centaurs
  The ghost of yumyumyeen the Magician, an amateur DjFE (D:3)
  A phantom (D:5)
  4 kobold brigands
  6 bullfrogs
  3 earth elementals
  A gnoll sergeant (D:9)
  5 cane toad simulacra (IceCv)
  4 scorpions
  A two-headed ogre simulacrum (IceCv)
  4 wights (D:7)
  12 killer bees
  7 elephant simulacra (IceCv)
  A howler monkey (D:12)
  4 electric eels
  3 orc priests
  7 hounds
  2 iron imps (Abyss:3)
  2 jellies
  Natasha (thrice) (D:4 D:7)
  2 iguanas
  15 orc wizards
  A spriggan simulacrum (IceCv)
  5 hell rats (Lair:5)
  6 polar bear simulacra (IceCv)
  A troll simulacrum (IceCv)
  A wolf simulacrum (IceCv)
  15 gnolls
  10 adders
  3 shadow imps
  12 white imps
  2 ufetubi (IceCv)
  A worm (D:2)
  A dart slug (D:4)
  23 orcs
  7 endoplasms
  6 giant cockroaches
  8 goblins
  9 hobgoblins
  12 kobolds
  A quokka (D:1)
  8 ball pythons
  5 bats
  4 frilled lizards
  9 rats
  7 starspawn tentacles
1226 creatures vanquished.

Vanquished Creatures (collateral kills)
  An ancient lich (Vaults:4)
  The ghost of Ynankepe the Conqueror, an adept HOMo of Beogh (Vaults:3)
  A golden dragon (Vaults:4)
  Zenata (Vaults:3)
  Rupert (D:12)
  Asterion (Elf:1)
  A quicksilver dragon (WizLab)
  A deep elf master archer (Elf:3)
  2 deep elf blademasters
  A sphinx (Vaults:4)
  A shadow dragon (Vaults:4)
  Donald (Elf:2)
  A fire giant (Vaults:4)
  A nagaraja (Snake:1)
  2 fenstrider witches (Swamp:4)
  2 deep elf sorcerers
  4 vault wardens
  An orc warlord (Orc:1)
  A very ugly thing (WizLab)
  A stone giant (Vaults:4)
  4 ironbound thunderhulks
  2 ironbound preservers (Vaults:4)
  3 deep elf elementalists (Elf:3)
  A war gargoyle (Vaults:2)
  A vampire knight (Vaults:4)
  Nessos (Lair:4)
  3 deep elf demonologists
  2 deep elf annihilators (Elf:3)
  2 deep elf death magi (Elf:3)
  A crystal guardian (Vaults:2)
  Snorg (Lair:4)
  An entropy weaver (Vaults:3)
  3 yaktaur captains
  A deep elf high priest (Elf:3)
  2 great orbs of eyes
  2 vault guards (Vaults:4)
  7 hydras
  A peacekeeper (Vaults:4)
  Fannar (Lair:1)
  2 centaur warriors
  2 ironbound frosthearts
  4 salamander tyrants
  3 anacondas
  3 boulder beetles
  13 dancing weapons
  A death yak (Lair:1)
  A two-headed ogre (D:11)
  A tengu warrior (D:15)
  11 naga warriors
  7 naga sharpshooters
  An orc high priest (Orc:2)
  A sun demon (Lair:5)
  6 deep elf knights (Elf:2)
  8 shock serpents
  A salamander mystic (Snake:4)
  A sea snake (Snake:3)
  A wretched star (WizLab)
  10 deep trolls
  6 ironbound convokers
  4 naga ritualists
  A spriggan druid (Swamp:4)
  2 wizards
  A necromancer (Vaults:4)
  4 deep elf archers
  4 lindwurms
  2 orc knights
  15 deep elf pyromancers
  7 mana vipers (Snake:4)
  8 deep elf zephyrmancers
  2 orc sorcerers (Orc:2)
  14 salamanders
  6 ugly things
  3 cyclopes
  2 manticores
  19 black mambas
  3 guardian serpents
  3 eyes of devastation (WizLab)
  A vault sentinel (Vaults:3)
  14 naga magi
  A smoke demon (Lair:5)
  A water nymph (shapeshifter) (Vaults:4)
  6 cane toads (Lair:5)
  2 rime drakes (Lair:5)
  An ice devil (Lair:5)
  A komodo dragon (Lair:4)
  2 yaktaurs (Vaults:1)
  A meliai (D:15)
  A polar bear (Lair:5)
  2 red devils (Lair:5)
  A merfolk (shapeshifter) (Vaults:4)
  13 blink frogs
  A saltling (Desolation)
  8 slime creatures
  A centaur simulacrum (D:12)
  7 wyverns (Lair:5)
  A shadow (D:12)
  2 wraiths (D:12)
  3 humans (D:13)
  9 yaks
  3 basilisks (Lair:5)
  A redback (Vaults:3)
  30 nagas
  An acid dragon (D:11)
  A water moccasin (Lair:3)
  3 hell hounds (Lair:5)
  10 orc warriors
  6 centaurs (D:11)
  5 ogres
  5 wolves
  A kobold brigand (D:11)
  2 gnoll sergeants
  2 human zombies (Vaults:4)
  2 bullfrogs
  A killer bee (D:10)
  4 electric eels
  3 orc priests (Orc:2)
  7 starcursed masses (WizLab)
  5 orc wizards
  A hell rat (Lair:5)
  A boggart simulacrum (D:13)
  7 gnolls
  2 white imps (D:13)
  11 orcs
  4 kobolds
445 creatures vanquished.

Vanquished Creatures (others)
  A dread lich (Vaults:4)
  A crystal guardian (Desolation)
  A vault guard (D:13)
  An orc high priest (Vaults:1)
  11 orc knights
  A lindwurm (Lair:4)
  3 orc sorcerers
  15 orc warriors
  A saltling (Desolation)
  A swamp worm (Swamp:3)
  21 orc priests
  6 orc wizards
  49 orcs
  4 demonic plants (WizLab)
  28 foxfires
  25 fungi
  37 plants
  14 starspawn tentacles
  2 withered plants (Swamp:4)
222 creatures vanquished.

Grand Total: 1893 creatures vanquished

Notes
Turn   | Place    | Note
-------+----------+-------------------------------------------
     0 | D:1      | garrulousMonolith the Hill Orc Monk began the quest for the
                  | Orb.
     0 | D:1      | Reached XP level 1. HP: 19/19 MP: 1/1
     8 | D:1      | Noticed a hound
     8 | D:1      | Noticed a five-headed hydra
     8 | D:1      | Noticed a salamander
     9 | D:1      | Noticed a swamp worm
     9 | D:1      | Noticed a scorpion
   165 | D:1      | Reached XP level 2. HP: 25/27 MP: 2/2
   300 | D:1      | Reached skill level 1 in Invocations
   476 | D:1      | Found Enoakhle's Armour Shop.
   855 | D:2      | Reached skill level 1 in Armour
   865 | D:2      | Reached XP level 3. HP: 33/33 MP: 3/3
  1436 | D:2      | Reached skill level 5 in Axes
  1872 | D:1      | Bought a +0 chain mail for 54 gold pieces
  1925 | D:2      | Reached XP level 4. HP: 38/40 MP: 5/5
  2031 | D:3      | Reached skill level 2 in Invocations
  2165 | D:3      | Found Hihean's Armour Boutique.
  2232 | D:3      | Found Ewohint's Magic Scroll Shoppe.
  2240 | D:3      | Bought a scroll of identify for 26 gold pieces
  2251 | D:3      | Found a runed translucent gate.
  2251 | D:3      | Found a runed translucent gate.
  2251 | D:3      | Found a runed translucent gate.
  2252 | D:3      | Noticed yumyumyeen's ghost (amateur DjFE)
  2252 | D:3      | Identified the +1 leather armour of Awe {Str+4 Dex+5}
  2254 | D:3      | Found Bogosmeu's Armour Shoppe.
  2289 | D:3      | Reached XP level 5. HP: 39/47 MP: 6/6
  2477 | D:3      | Found an opulent altar of Gozag.
  2829 | D:3      | Found a roughly hewn altar of Beogh.
  2920 | D:3      | Killed yumyumyeen's ghost
  2921 | D:3      | Reached skill level 3 in Invocations
  2921 | D:3      | Reached XP level 6. HP: 55/55 MP: 8/8
  3303 | D:3      | Became a worshipper of Beogh the Brigand
  3303 | D:3      | Reached * piety under Beogh
  3303 | D:3      | Reached ** piety under Beogh
  3362 | D:4      | Found a stormy altar of Qazlal.
  3482 | D:4      | Noticed Menkaure
  3490 | D:4      | Killed Menkaure
  3491 | D:4      | Reached skill level 5 in Fighting
  3531 | D:4      | Noticed Natasha
  3534 | D:4      | Killed Natasha
  3535 | D:4      | Reached XP level 7. HP: 61/61 MP: 9/9
  3536 | D:4      | Noticed Natasha
  3542 | D:4      | Killed Natasha
  3708 | D:4      | Reached skill level 4 in Invocations
  3818 | D:4      | Noticed Natasha
  4068 | D:3      | Bought a +0 buckler for 45 gold pieces
  4099 | D:5      | Entered Level 5 of the Dungeon
  4217 | D:5      | Found a staircase to the Ecumenical Temple.
  4230 | Temple   | Entered the Ecumenical Temple
  4389 | D:5      | Identified the +2 robe of Huelo {Will++ Str-4 Int+7}
  4511 | D:5      | Reached skill level 1 in Shields
  4809 | D:5      | Reached XP level 8. HP: 66/70 MP: 11/11
  5259 | D:6      | Reached *** piety under Beogh
  5260 | D:6      | Reached skill level 5 in Invocations
  5334 | D:6      | Found a burning altar of Makhleb.
  5334 | D:6      | Noticed Eustachio
  5387 | D:6      | Killed Eustachio
  5910 | D:1      | Bought a +1 chain mail of fire resistance for 198 gold
                  | pieces
  6054 | D:7      | Killed Natasha
  6060 | D:7      | Noticed a wyvern
  6066 | D:7      | Reached skill level 6 in Invocations
  6066 | D:7      | Reached XP level 9. HP: 38/78 MP: 13/13
  6068 | D:7      | Reached skill level 10 in Axes
  6068 | D:7      | Reached skill level 5 in Armour
  6155 | D:7      | Found a white marble altar of Elyvilon.
  6438 | D:7      | Found a snail-covered altar of Cheibriados.
  6559 | D:7      | Found a radiant altar of Vehumet.
  6566 | D:7      | Reached skill level 7 in Invocations
  6629 | D:7      | Found an iron altar of Okawaru.
  6630 | D:7      | Noticed Maggie
  6638 | D:7      | Killed Maggie
  6717 | D:7      | Noticed a cyclops
  6732 | D:7      | Killed a cyclops
  6733 | D:7      | Reached XP level 10. HP: 23/88 MP: 8/15
  6805 | D:7      | Reached skill level 8 in Invocations
  7192 | D:7      | Noticed a boulder beetle
  7213 | D:7      | Killed a boulder beetle
  7241 | D:7      | Identified the ring of the Prince {+Blink AC+4}
  7537 | D:8      | Reached skill level 9 in Invocations
  7757 | D:8      | Noticed Maurice
  7766 | D:8      | Killed Maurice
  7791 | D:8      | Reached XP level 11. HP: 97/97 MP: 17/17
  8034 | D:8      | Found an ancient bone altar of Kikubaaqudgha.
  8052 | D:8      | Found a transporter.
  8061 | D:8      | Noticed a catoblepas
  8073 | D:8      | Noticed Gastronok
  8079 | D:8      | Noticed a moth of wrath
  8091 | D:8      | Killed Gastronok
  8203 | D:8      | Noticed oldmanjim's ghost (journeyman DjCj)
  8212 | D:8      | Found a transporter.
  9243 | D:8      | Identified a scroll of acquirement
  9243 | D:8      | Acquired the +9 broad axe of the Pyrrhic Victory {drain,
                  | MP+9}
  9926 | D:9      | Reached **** piety under Beogh
 10630 | D:10     | Entered Level 10 of the Dungeon
 10637 | D:10     | Reached skill level 10 in Fighting
 10650 | D:10     | Reached skill level 10 in Invocations
 10723 | D:10     | Found a sacrificial altar of Ru.
 10738 | D:10     | Found a shadowy altar of Dithmenos.
 10774 | D:10     | Noticed a two-headed ogre
 10780 | D:10     | Killed a two-headed ogre
 10840 | D:10     | Reached skill level 15 in Axes
 10925 | D:10     | Found a sparkling altar of Nemelex Xobeh.
 10985 | D:10     | Found a glowing golden altar of the Shining One.
 11338 | D:10     | Found a hazy altar of Hepliaklqana.
 11379 | D:11     | Noticed a two-headed ogre
 11379 | D:11     | Found a staircase to the Orcish Mines.
 11382 | D:11     | Killed a two-headed ogre
 11467 | D:11     | Noticed a cyclops
 11472 | D:11     | Killed a cyclops
 11473 | D:11     | Reached XP level 12. HP: 108/108 MP: 20/20
 11642 | D:11     | Found a staircase to the Lair.
 11774 | D:11     | Noticed a boulder beetle
 11778 | D:11     | Reached skill level 11 in Invocations
 11816 | D:11     | Gained Bladwarg as an ally
 11820 | D:11     | Noticed a two-headed ogre
 11826 | D:11     | Killed a two-headed ogre
 11827 | D:11     | Killed a boulder beetle
 11994 | D:11     | Identified the +2 cloak "Belivaec" {+Blink rPois rF+++
                  | Int-4}
 12017 | D:11     | Identified the +2 cloak of the Thistle {Harm rF+ rC+
                  | Regen+}
 12068 | D:11     | Noticed a boulder beetle
 12073 | D:11     | Killed a boulder beetle
 12383 | D:11     | Noticed an ice dragon
 12384 | D:11     | an ice dragon changed into a fire dragon
 12384 | D:11     | Noticed a fire dragon (glowing shapeshifter)
 12386 | D:11     | a fire dragon changed into a satyr
 12386 | D:11     | Noticed a satyr (glowing shapeshifter)
 12389 | D:11     | a satyr changed into an anaconda
 12389 | D:11     | Noticed an anaconda (glowing shapeshifter)
 12393 | D:11     | Killed an anaconda
 12633 | D:11     | Reached ***** piety under Beogh
 12679 | D:11     | Reached skill level 10 in Armour
 13353 | Lair:1   | Entered Level 1 of the Lair of Beasts
 13656 | Lair:1   | Reached skill level 12 in Invocations
 14024 | Lair:1   | Noticed a death yak
 14027 | Lair:1   | Noticed Fannar
 14034 | Lair:1   | Reached XP level 13. HP: 113/117 MP: 22/22
 14036 | Lair:1   | Reached skill level 5 in Shields
 14038 | Lair:1   | Killed Fannar
 14041 | Lair:1   | Gained Boghold as an ally
 15016 | Lair:2   | Found a staircase to the Swamp.
 15062 | Lair:2   | Found a staircase to the Snake Pit.
 15317 | Lair:2   | Found a runed translucent gate.
 15317 | Lair:2   | Found a runed translucent gate.
 15318 | Lair:2   | Found a runed translucent gate.
 15318 | Lair:2   | Noticed gdog's ghost (journeyman GnDe)
 15319 | Lair:2   | Noticed a great orb of eyes
 15322 | Lair:2   | Found a viscous altar of Jiyva.
 16287 | Lair:3   | Found a hide-covered altar of Uskayaw.
 16287 | Lair:3   | Found an ornate altar of the Wu Jian Council.
 16918 | Lair:4   | Noticed Nessos
 16930 | Lair:4   | Killed Nessos
 17125 | Lair:4   | Noticed Snorg
 17128 | Lair:4   | Killed Snorg
 17234 | Lair:4   | Found a staircase to the Slime Pits.
 17517 | Lair:4   | Reached skill level 13 in Invocations
 17730 | Lair:5   | Entered Level 5 of the Lair of Beasts
 17754 | Lair:5   | Gained Olfrun as an ally
 18051 | Lair:5   | Your ally Boghold died
 18262 | Lair:5   | Reached XP level 14. HP: 129/129 MP: 24/24
 18560 | Lair:5   | Reached skill level 14 in Invocations
 18717 | Lair:5   | Found a burning altar of Makhleb.
 18721 | Lair:5   | Reached ****** piety under Beogh
 18805 | Lair:5   | Found a gateway to Hell.
 19323 | D:12     | Noticed Rupert
 19332 | D:12     | Killed Rupert
 19414 | D:12     | Noticed Nergalle
 19415 | D:12     | Killed Nergalle
 20245 | D:13     | Found a frozen archway.
 20276 | IceCv    | Entered an ice cave
 20471 | IceCv    | Found an ancient bone altar of Kikubaaqudgha.
 20494 | IceCv    | Reached skill level 15 in Invocations
 20868 | IceCv    | Identified the ring "Essarag" {rF- rN+ Str+6}
 21044 | D:12     | Noticed a frost giant
 21051 | D:12     | Killed a frost giant
 21056 | D:12     | Reached XP level 15. HP: 61/139 MP: 26/26
 22005 | D:13     | Found Sefoyfag's Magic Scroll Shop.
 22012 | D:13     | Bought a scroll of teleportation for 51 gold pieces
 22012 | D:13     | Bought a scroll of teleportation for 51 gold pieces
 22050 | D:13     | Reached skill level 10 in Shields
 22169 | D:13     | Found a gate to the Vaults.
 22354 | D:14     | Noticed Agnes
 22364 | D:14     | Killed Agnes
 22656 | D:14     | Found a shimmering altar of Xom.
 22689 | D:14     | Reached skill level 15 in Fighting
 22786 | D:14     | Found Vyalagg's Blood Bar.
 22794 | D:14     | Bought a +1 vampiric glaive for 371 gold pieces
 23457 | D:15     | Entered Level 15 of the Dungeon
 24149 | D:15     | Reached skill level 16 in Invocations
 24149 | D:15     | Found a staircase to the Depths.
 24418 | Orc:1    | Entered Level 1 of the Orcish Mines
 24425 | Orc:1    | Noticed an orc warlord
 24448 | Orc:1    | Killed an orc warlord
 25149 | Orc:2    | Entered Level 2 of the Orcish Mines
 25149 | Orc:2    | Found a staircase to the Elven Halls.
 25202 | Orc:2    | Found Solucydyig's Distillery.
 25204 | Orc:2    | Found Lymp's Distillery.
 26321 | Orc:2    | Bought a potion of curing for 42 gold pieces
 26321 | Orc:2    | Bought a potion of curing for 42 gold pieces
 26321 | Orc:2    | Bought a potion of curing for 42 gold pieces
 26554 | Orc:2    | Found Pippeac's Antique Armour Boutique.
 26554 | Orc:2    | Found a one-way gate leading to the halls of Pandemonium.
 26554 | Orc:2    | Found Zusuwufru's Jewellery Shop.
 27091 | D:3      | Bought a +1 helmet for 115 gold pieces
 27337 | Snake:1  | Entered Level 1 of the Snake Pit
 27492 | Snake:1  | Found a flickering gateway to a bazaar.
 27509 | Bazaar   | Entered a bazaar
 27513 | Bazaar   | Found Eteskenny's General Store.
 27519 | Bazaar   | Bought a potion of heal wounds for 70 gold pieces
 27535 | Bazaar   | Found Beru's Antique Weapon Emporium.
 27556 | Bazaar   | Found Qaung's Magic Scroll Boutique.
 27576 | Bazaar   | Found Xeyq's Assorted Antiques.
 27582 | Bazaar   | Bought a runed helmet for 180 gold pieces
 27620 | Bazaar   | Bought a wand of digging (9) for 529 gold pieces
 27963 | Snake:1  | Reached XP level 16. HP: 144/151 MP: 28/28
 28168 | Snake:1  | Gained Bogbrand as an ally
 28246 | Snake:1  | Found a runed translucent gate.
 28247 | Snake:1  | Noticed a nagaraja
 28248 | Snake:1  | Noticed jejorda2's ghost (adept MfBe)
 28336 | Snake:1  | Found a runed translucent gate.
 28337 | Snake:1  | Found a runed translucent gate.
 28453 | Snake:1  | Killed jejorda2's ghost
 28458 | Snake:1  | Reached skill level 17 in Invocations
 28459 | Snake:1  | Killed a nagaraja
 29429 | Snake:2  | Found a hazy altar of Hepliaklqana.
 29576 | Snake:3  | Gained Oruk as an ally
 29651 | Snake:3  | Reached skill level 15 in Armour
 29777 | Snake:3  | Gained Learuk as an ally
 30057 | Snake:3  | Noticed a nagaraja
 30066 | Snake:3  | Killed a nagaraja
 30173 | Snake:3  | Found Fass's Distillery.
 30698 | Snake:4  | Entered Level 4 of the Snake Pit
 31032 | Snake:4  | Reached skill level 18 in Invocations
 31038 | Snake:4  | Reached XP level 17. HP: 139/161 MP: 30/30
 31214 | Snake:4  | Gained Grimold as an ally
 31472 | Snake:4  | Gained Norbak as an ally
 31476 | Snake:4  | Gained Bogrim as an ally
 31499 | Snake:4  | Your ally Grimold died
 32378 | Snake:4  | Got a serpentine rune of Zot
 32927 | Swamp:1  | Entered Level 1 of the Swamp
 33409 | Swamp:1  | Identified Roxanne's Parchment of Vicissitude
 33409 | Swamp:1  | Noticed Roxanne
 33533 | Swamp:1  | Killed Roxanne
 33675 | Swamp:2  | Found a hide-covered altar of Uskayaw.
 33704 | Swamp:2  | Reached skill level 15 in Shields
 34104 | Swamp:2  | Reached skill level 19 in Invocations
 34408 | Swamp:2  | Reached XP level 18. HP: 140/172 MP: 31/31
 34909 | Swamp:3  | Paralysed by a fenstrider witch for 2 turns
 34919 | Swamp:3  | Paralysed by a fenstrider witch for 2 turns
 34959 | Swamp:3  | Gained Bolgrim as an ally
 34959 | Swamp:3  | Your ally Bolgrim died
 35900 | Swamp:4  | Entered Level 4 of the Swamp
 35915 | Swamp:4  | Found a runed translucent gate.
 35915 | Swamp:4  | Found a runed translucent gate.
 35915 | Swamp:4  | Found a runed translucent gate.
 35946 | Swamp:4  | Noticed MrSquiggles's ghost (adept OpFi)
 35948 | Swamp:4  | Noticed Iich's ghost (adept MiBe)
 35948 | Swamp:4  | Noticed experimilk's ghost (adept DrCj)
 36539 | Swamp:4  | Paralysed by a fenstrider witch for 5 turns
 36793 | Swamp:4  | Got a decaying rune of Zot
 36964 | Swamp:4  | Noticed yumyumyeen's ghost (journeyman DsMo)
 37555 | D:3      | Bought a +4 plate armour of willpower for 500 gold pieces
 37618 | D:3      | Bought a +0 pair of gloves of strength for 115 gold pieces
 37842 | Elf:1    | Entered Level 1 of the Elven Halls
 37979 | Elf:1    | Identified the ring of the Sunfish {rElec rF+ rN++ Str+3
                  | Dex-3}
 38061 | Elf:1    | Paralysed by an air elemental for 1 turns
 38065 | Elf:1    | Paralysed by an air elemental for 1 turns
 38124 | Elf:1    | Noticed Asterion
 38132 | Elf:1    | Killed Asterion
 38161 | Elf:1    | Found a radiant altar of Vehumet.
 38262 | Elf:1    | Reached skill level 20 in Invocations
 38346 | Elf:1    | Reached XP level 19. HP: 83/181 MP: 33/33
 38564 | Elf:1    | Got the Treatise on Gathered Arcane Combat
 39293 | Elf:2    | Found a magical portal.
 39419 | WizLab   | Entered Lehudib's Moon Base
 39575 | WizLab   | Gained Orik as an ally
 39644 | WizLab   | Gained Geork as an ally
 39652 | WizLab   | Your ally Orik died
 40590 | WizLab   | Found a transporter.
 40682 | WizLab   | Found a transporter.
 41015 | WizLab   | Gained mutation: You are partially covered in iridescent
                  | scales. (AC +2) [a neqoxec]
 41226 | WizLab   | Gained mutation: A frigid envelope surrounds you and
                  | freezes all who hurt you. [a cacodemon]
 41243 | WizLab   | Your ally Geork died
 41493 | WizLab   | Lost mutation: A frigid envelope surrounds you and freezes
                  | all who hurt you. [potion of mutation]
 41493 | WizLab   | Lost mutation: You are partially covered in iridescent
                  | scales. (AC +2) [potion of mutation]
 41493 | WizLab   | Gained mutation: You are weak. (Str -2) [potion of
                  | mutation]
 41493 | WizLab   | Gained mutation: Your mind is acute. (Int +4, Str/Dex -1)
                  | [potion of mutation]
 41493 | WizLab   | Gained mutation: Your mind is very acute. (Int +8, Str/Dex
                  | -2) [potion of mutation]
 41493 | WizLab   | Gained mutation: You possess an exceptional clarity of
                  | mind. [potion of mutation]
 41494 | WizLab   | Lost mutation: You are weak. (Str -2) [potion of mutation]
 41494 | WizLab   | Lost mutation: Your mind is very acute. (Int +8, Str/Dex
                  | -2) [potion of mutation]
 41494 | WizLab   | Lost mutation: You possess an exceptional clarity of mind.
                  | [potion of mutation]
 41494 | WizLab   | Gained mutation: You are partially covered in iridescent
                  | scales. (AC +2) [potion of mutation]
 41868 | WizLab   | Got Lehudib's Reference Book on Amathomancy and Forces
 42054 | Elf:2    | Found a runed translucent gate.
 42055 | Elf:2    | Found a runed translucent gate.
 42055 | Elf:2    | Found a runed translucent gate.
 42084 | Elf:2    | Noticed a Hell Sentinel
 42132 | Elf:2    | Your ally Bogrim died
 42183 | Elf:2    | Noticed Donald
 42199 | Elf:2    | Killed Donald
 42727 | Elf:2    | Reached skill level 21 in Invocations
 42808 | Elf:2    | Reached XP level 20. HP: 193/193 MP: 34/34
 43176 | Elf:3    | Entered Level 3 of the Elven Halls
 43269 | Elf:3    | Found Ixyamn's Vocational Training.
 43335 | Elf:3    | Gained Herok as an ally
 43629 | Abyss:3  | Cast into level 3 of the Abyss (a deep elf sorcerer)
 43782 | Abyss:3  | Paralysed by an apocalypse crab for 2 turns
 43901 | Abyss:3  | Noticed a bone dragon
 43929 | Abyss:3  | Killed a bone dragon
 44008 | Elf:3    | Escaped the Abyss
 44008 | Elf:3    | Your ally Herok died
 44356 | Elf:3    | Found the +8 demon blade "Leech" {vamp, Harm Drain rN+}
 44370 | Elf:3    | Got the Exposition on Assembled Transfiguration
 44371 | Elf:3    | Identified the +0 cloak of Celuceara {rF+}
 44395 | Elf:3    | Identified the +1 robe "Imosy" {Fly Dex+3}
 44398 | Elf:3    | Identified the +0 chain mail of Gywebus {rC+ Stlth+}
 44462 | Elf:3    | Identified the +6 dire flail of Modesty {freeze, Fly rCorr
                  | Str+2}
 44471 | Elf:3    | Identified the ring of Riacs {rElec rPois Stlth+}
 44483 | Elf:3    | Identified the +5 fire dragon scales "Cacioli" {*Slow rPois
                  | rF++ rC- rN+ Regen+}
 44564 | Elf:3    | Got the Meditations on the Unlucky Sky
 44577 | Elf:3    | Identified the +11 dire flail "Lipnish" {vamp, Int+9}
 45216 | Vaults:1 | Entered Level 1 of the Vaults
 45235 | Vaults:1 | Gained Wardok as an ally
 45235 | Vaults:1 | Gained Dorog as an ally
 45473 | Vaults:1 | Your ally Dorog died
 45631 | Vaults:1 | Found a crumbling gateway.
 45633 | Vaults:1 | Found a glowing golden altar of the Shining One.
 45633 | Vaults:1 | Found a glowing silver altar of Zin.
 45633 | Vaults:1 | Found a white marble altar of Elyvilon.
 45662 | Desolati | Entered the Desolation of Salt
 45885 | Desolati | Reached XP level 21. HP: 173/202 MP: 35/35
 45904 | Desolati | Identified the +1 plate armour of Bellicose the Leaf {rElec
                  | Str-4 SInv}
 45932 | Desolati | Reached skill level 22 in Invocations
 46252 | Desolati | Got the Commentary on Sepulchral Fog
 46767 | Desolati | Identified the amulet "Vuffoarae" {Spirit rC+ rN+}
 46768 | Desolati | Identified the amulet of Gugoosov {Spirit Harm MP+9}
 46769 | Desolati | Identified the ring of Wumiko {rElec Str+6 Dex+5 Stlth+}
 46773 | Desolati | Identified the +0 crystal plate armour of Fashionability
                  | {rF+ Will+}
 46800 | Desolati | Identified the +1 leather armour of Huheosum {rF+}
 46898 | Desolati | Identified the +1 leather armour "Zipiop" {Str+2}
 46915 | Desolati | Identified the ring "Isuamiwera" {MP+9 Dex+6}
 47347 | Vaults:1 | Your ally Wardok died
 47355 | Vaults:1 | Gained Morbeogh as an ally
 47356 | Vaults:1 | Your ally Morbeogh died
 47540 | Vaults:1 | You fall into a shaft and drop 1 floor!
 47704 | Vaults:2 | Gained Ogrik as an ally
 47710 | Vaults:2 | Your ally Ogrik died
 49686 | Vaults:3 | Reached XP level 22. HP: 213/213 MP: 37/37
 49799 | Vaults:3 | Noticed Xtahua
 49808 | Vaults:3 | Killed Xtahua
 49825 | Vaults:3 | Gained Zartorak as an ally
 49906 | Vaults:3 | Gained Bogdar as an ally
 50019 | Vaults:3 | Found a large runed translucent door.
 50019 | Vaults:3 | Found a large runed translucent door.
 50019 | Vaults:3 | Noticed Ynankepe's ghost (adept HOMo)
 50019 | Vaults:3 | Noticed Xuck's ghost (adept HOGl)
 50034 | Vaults:3 | Reached skill level 23 in Invocations
 50290 | Vaults:3 | Found a staircase to the Crypt.
 50350 | Vaults:3 | Noticed Mara
 50360 | Vaults:3 | Noticed garrulousMonolith's illusion
 50360 | Vaults:3 | Killed Mara
 50522 | Vaults:3 | Noticed Zenata
 50528 | Vaults:3 | Killed Zenata
 50698 | Vaults:3 | Found Ypniovvuss's Weapon Shop.
 51297 | Vaults:3 | Identified the +6 scale mail of Noughts and Crosses {rF-
                  | rC+ rN+ Stlth+}
 51484 | Vaults:3 | Killed Ynankepe's ghost
 51488 | Vaults:3 | Killed Xuck's ghost
 52565 | Vaults:4 | Your ally Zartorak died
 52909 | Vaults:4 | Found a transporter.
 52916 | Vaults:4 | Found a bloodstained altar of Trog.
 52928 | Vaults:4 | Found a transporter.
 52928 | Vaults:4 | Noticed mccafe's ghost (veteran DEFE)
 53004 | Vaults:4 | Found a portal to a secret trove of treasure.
 53073 | Vaults:4 | Gained Urtork as an ally
 53078 | Vaults:4 | Noticed a golden dragon
 53079 | Vaults:4 | Noticed an ancient lich
 53091 | Vaults:4 | Killed an ancient lich
 53093 | Vaults:4 | Killed a golden dragon
 53093 | Vaults:4 | Noticed a dread lich
 53105 | Vaults:4 | Killed a dread lich
 53111 | Vaults:4 | Killed from afar by a vampire mage

Illustrated notes

Levels and vault maps discovered:
D:1:      onia_arrival_zoo_common, layout_basic, serial_shops,
          nicolae_shop_behind_doors, minmay_tromino_v2
D:2:      layout_basic
D:3:      layout_loops_ring, nicolae_gozag_seed_capital,
          biasface_ghost_orc_armoury, serial_shops, shop, shop, shop
D:4:      layout_loops_ring, grunt_qazlal_sundering, st_stairs_12,
          minmay_crystal_room, uniq_natasha, uniq_menkaure
D:5:      layout_basic, minmay_temple_entry_antechambers
D:6:      layout_basic, lemuel_doored_altar, uniq_eustachio
D:7:      nzn_winding_woodlands_large [nzn_winding_woodlands_hourglass,
          nzn_winding_woodlands_5x15_zeroes,
          nzn_winding_woodlands_5x5_open_star,
          nzn_winding_woodlands_center_diamonds,
          nzn_winding_woodlands_15x15_eel_pit,
          nzn_winding_woodlands_center_lodge, nzn_winding_woodlands_5x5_default,
          nzn_winding_woodlands_5x15_cabin,
          nzn_winding_woodlands_5x5_perimeter], layout_basic,
          lemuel_crystal_altar, mainiacjoe_overflow_brackets,
          okawaru_gym_becter, mainiacjoe_overflow_cross_hatched, uniq_maggie
D:8:      layout_cave_pods, lemuel_tele_altar,
          gammafunk_ghost_berserking_beasts, minivault_14, nrook_mini_vaults,
          minmay_misc_feat_tower, kennysheep_generic_room_12, uniq_maurice,
          uniq_gastronok
D:9:      layout_loops_ring
D:10:     layout_loops_ring, nemelex_xobeh_ov_fountains_minmay,
          nicolae_overflow_quartered_altars
D:11:     minmay_the_grid_3x3 [minmay_the_grid_armoury, minmay_the_grid_doors,
          minmay_the_grid_minigrid_medium, minmay_the_grid_eight,
          minmay_the_grid_empty, minmay_the_grid_all_tris,
          minmay_the_grid_square_x, minmay_the_grid_stretched_grid,
          minmay_the_grid_prize_four_corners_diamond_b], layout_cave_pools,
          grunt_ministairs_8
D:12:     minmay_diamond_stairs, layout_basic, uniq_nergalle, uniq_rupert
D:13:     layout_roguey [special_room_orc], ximxim_vaults_locker_room,
          portal_ice_cave_entry_imps, serial_shops, shop, kennysheep_dice
D:14:     layout_basic, lemuel_round_altar, guppyfry_shop_blood, uniq_agnes
D:15:     hangedman_depths_entry_try_elsewhere_first, layout_basic,
          grunt_decor_fettered
Temple:   corrupted_temple
Lair:1:   layout_layer_cave, infiniplex_staircase_pool, uniq_fannar
Lair:2:   layout_roguey, skrybe_swamp_entry_bodies, guppyfry_snake_entry_island,
          gammafunk_ghost_ooze
Lair:3:   layout_gridlike, minivault_25, chequers_serial_rivers_micro_e,
          nzn_masters_of_martial_movement
Lair:4:   layout_long_grid, slime_entry_1, uniq_nessos, uniq_snorg
Lair:5:   evil_forest, layout_cellular_growth, special_room
          [special_room_mythical_zoo], kilobyte_rumbling_trees
Swamp:1:  layout_falls_marsh, evilmike_swamp_ruin_house_3, uniq_roxanne
Swamp:2:  layout_falls_marsh, lemuel_altar_in_water, swamp_pool4,
          lightli_tree_ring
Swamp:3:  layout_basic_swamp, evilmike_swamp_ruin_house_5, swamp_pool4,
          grunt_witch_cave
Swamp:4:  nzn_swamp_witches_coven, layout_basic_swamp, gammafunk_ghost_cemetery,
          swamp_pool4, nicolae_swamp_big_swirl
Snake:1:  layout_onion, gammafunk_ghost_split, serial_shops, bzr_entry_gold,
          grunt_megastairs_5
Snake:2:  layout_concentric_octagons, basic_altar, grunt_megastairs_4
Snake:3:  layout_onion, nicolae_wooded_promenade, nicolae_triple_integral
Snake:4:  snake_pit_salamanders_mu, layout_grid_shapes
Orc:1:    layout_diamond_mine
Orc:2:    pf_orc_diabolical, layout_caves, minmay_orc_barracks
Elf:1:    eino_elf_arrival_customs, layout_rooms, basic_altar,
          minmay_elf_sorcery, roderic_lattice_octagonal_star, uniq_asterion
Elf:2:    nicolae_elf_blades_crystal_corner, layout_loops_corners,
          lightli_enter_wizlab_magi_temple, uniq_donald
Elf:3:    minmay_elf_hall_spiked, layout_loops_cross, columned_hall_lemuel,
          nicolae_shop_vocational
Vaults:1: portal_desolation_entry_holy_temple, v_misc_3,
          vaults_mumra_chevron_long, nicolae_vaults_little_ls,
          vaults_dpeg_diagonal, hangedman_vaults_corner, nicolae_vaults_big_ls,
          ontoclasm_vaults_gateway, grunt_vaults_focal, vaults_room_hallway,
          hangedman_vaults_trim, ontoclasm_vaults_chip, layout_vaults_big_room
Vaults:2: nicolae_vaults_little_squares_3, nicolae_vaults_what_the_h,
          ontoclasm_vaults_idyll, hangedman_vaults_locks,
          hangedman_vaults_nodes, v_misc_25, nicolae_vaults_asterisk,
          nicolae_vaults_ninety_degrees, hangedman_vaults_capsules, v_misc_10,
          nicolae_vaults_circle_grid_a, v_misc_17, layout_vaults_omnibox
Vaults:3: advil_vaults_ghost_guards, nicolae_vaults_little_squares_4,
          nicolae_vaults_know_your_exits, vaults_dpeg_spiral,
          minmay_crypt_entry_skeletal_spiral, hangedman_vaults_pinch,
          grunt_vaults_funnel, ontoclasm_vaults_misaligned,
          nicolae_vaults_network_s, v_misc_24, vaults_standard_mumra_lines,
          vaults_room_corners, layout_vaults_ring, serial_shops, shop,
          uniq_mara, uniq_zenata, uniq_xtahua
Vaults:4: gammafunk_ghost_wrathful_warriors, v_misc_33,
          nicolae_vaults_back_hallway, v_misc_14, ontoclasm_vaults_shuriken,
          dpeg_vaults_monster_box, st_greater_box_5, layout_vaults_omnigrid,
          nicolae_trove_entry_crossroad

Skill      XL: |  1  2  3  4  5  6  7  8  9 10 11 12 13 14 15 16 17 18 19 20 21 22 |
---------------+-------------------------------------------------------------------+-----
Invocations    | 1 2 3 4 6 7 9 10 12 13 15 16 18 19 20 21 22 23 | 23.5
Armour         | 1 2 3 4 6 7 9 10 11 13 14 15 16 17 18 19 20 | 20.2
Fighting       | 4 5 6 8 9 10 11 13 14 15 17 18 19 20 21 22 | 22.1
Axes           | 5 6 7 8 9 11 13 15 17 18 | 18.0
Shields        | 1 3 4 7 9 11 13 15 17 18 20 21 22 | 22.8
Dodging        | |  2.4
Stealth        | |  1.5

Action                   |  1- 3 |  4- 6 |  7- 9 | 10-12 | 13-15 | 16-18 | 19-21 | 22-24 || total
-------------------------+-------+-------+-------+-------+-------+-------+-------+-------++-------
Melee: Hand axe          |   143 |   156 |       |       |       |       |       |       ||   299
       Punch             |     3 |     2 |       |       |       |       |       |       ||     5
       War axe           |       |    17 |   303 |   112 |     4 |   408 |       |       ||   844
       Broad axe         |       |       |       |   269 |   732 |   737 |  1278 |   330 ||  3346
Throw: Dart              |       |       |     2 |     2 |       |     1 |       |       ||     5
Invok: Smiting           |       |       |     4 |     4 |     6 |    23 |    19 |     2 ||    58
       Give Item to Name |       |       |       |     1 |     1 |     5 |     5 |     2 ||    14
       Recall Orcish Fol |       |       |       |     1 |     8 |     2 |     5 |     2 ||    18
       Stop Recall       |       |       |       |     1 |     5 |     2 |     2 |     1 ||    11
       Resurrection      |       |       |       |       |     2 |       |     1 |       ||     3
 Abil: Evoke Blink       |       |       |       |       |     1 |     1 |       |       ||     2
Evoke: Wand              |       |     3 |       |     4 |       |     3 |     3 |     1 ||    14
       Condenser vane    |       |       |       |       |       |       |       |     1 ||     1
  Use: Scroll            |       |     3 |     4 |    13 |    11 |     6 |     4 |     1 ||    42
       Potion            |       |     1 |     3 |     2 |     3 |    18 |     9 |     2 ||    38
 Stab: Sleeping          |     4 |       |       |       |       |       |       |       ||     4
       Distracted        |       |       |       |     3 |     9 |     7 |     9 |     4 ||    32
Armor: Robe              |     3 |       |       |       |       |       |       |       ||     3
       Leather armour    |    30 |       |       |       |       |       |       |       ||    30
       Chain mail        |     5 |    97 |   222 |   220 |   225 |       |       |       ||   769
       Plate armour      |       |       |       |       |   177 |   721 |   433 |       ||  1331
       Crystal plate arm |       |       |       |       |       |       |    89 |    96 ||   185
Dodge: Dodged            |    72 |    52 |   179 |   131 |   209 |   207 |   174 |    25 ||  1049
Block: Buckler           |       |       |    73 |    54 |       |       |       |       ||   127
       Kite shield       |       |       |       |    26 |   402 |    76 |       |       ||   504
       Tower shield      |       |       |       |       |       |  1020 |  1196 |   282 ||  2498
       Reflection        |       |       |       |       |       |       |    45 |    10 ||    55

Table legend: (Time is in decaauts)
 A = Elapsed time spent in this place.
 B = Non-inter-level travel time spent in this place.
 C = Inter-level travel time spent in this place.
 D = Time resting spent in this place.
 E = Time spent auto-exploring this place.
 F = Levels seen in this place.
 G = Mean time per level.
                   A        B        C        D        E       F      G
               +--------+--------+--------+--------+--------+-----+--------+
         Total |  52669 |  49506 |   3163 |  14054 |  25352 |  44 | 1197.0 |
       Dungeon |  18830 |  16837 |   1993 |   3868 |  10066 |  15 | 1255.3 |
        Temple |     41 |     29 |     12 |      0 |     23 |   1 |   41.0 |
          Lair |   5929 |   5623 |    306 |   1419 |   3481 |   5 | 1185.8 |
         Swamp |   4266 |   4074 |    192 |   1049 |   1920 |   4 | 1066.5 |
     Snake Pit |   5409 |   5181 |    228 |   2041 |   2082 |   4 | 1352.2 |
  Orcish Mines |   2557 |   2415 |    142 |   1092 |    885 |   2 | 1278.5 |
   Elven Halls |   4321 |   4129 |    192 |    923 |   2175 |   3 | 1440.3 |
        Vaults |   6260 |   6165 |     95 |   1642 |   3332 |   4 | 1565.0 |
         Abyss |    357 |    357 |      0 |    154 |      0 |   2 |  178.5 |
        Bazaar |    123 |    123 |      0 |      0 |     83 |   1 |  123.0 |
      Ice Cave |    692 |    692 |      0 |    177 |    189 |   1 |  692.0 |
        Wizlab |   2445 |   2445 |      0 |   1244 |    610 |   1 | 2445.0 |
    Desolation |   1434 |   1434 |      0 |    443 |    506 |   1 | 1434.0 |
               +--------+--------+--------+--------+--------+-----+--------+

Top non-repeatable levels by time:
  WizLab: 2445 daAuts
    D:11: 2293 daAuts
Vaults:3: 2061 daAuts
     D:8: 1892 daAuts
 Snake:4: 1836 daAuts
   Orc:2: 1714 daAuts
   Elf:2: 1683 daAuts
     D:7: 1622 daAuts
  Lair:1: 1580 daAuts
     D:3: 1564 daAuts
Vaults:2: 1555 daAuts
 Snake:3: 1473 daAuts
Desolation: 1434 daAuts
   Elf:3: 1401 daAuts
     D:9: 1382 daAuts
